 Dungeon Crawl Stone Soup version 0.26-a0-631-ged93497179 (webtiles) character file.

Game seed: 14049548084802389914

90 DogServant the Insei (level 4, 0/30 HPs)
             Began as an Octopode Transmuter on Sept 11, 2020.
             Slain by a gnoll
             ... wielding a +0 club
              (7 damage)
             ... on level 2 of the Dungeon.
             The game lasted 00:02:36 (1966 turns).

DogServant the Insei (Octopode Transmuter)          Turns: 1966, Time: 00:02:37

Health: 0/30       AC:  1    Str: 10    XL:     4   Next: 56%
Magic:  6/7        EV: 13    Int: 15    God:
Gold:   80         SH:  0    Dex: 12    Spells: 6/7 levels left

rFire    . . .     SeeInvis .     - Unarmed
rCold    . . .     Faith    .   (no shield)
rNeg     . . .     Spirit   .   (helmet currently unavailable)
rPois    .         Reflect  .   (no amulet)
rElec    .         Harm     .   (no ring)
rCorr    .         Rampage  .   (no ring)
MR       .....                  (no ring)
Stlth    ++........             (no ring)
HPRegen  0.10/turn              (no ring)
MPRegen  0.10/turn              (no ring)
                                (no ring)
                                (no ring)

@: lethally poisoned (0 -> -3), appendages
A: almost no armour, stealthy swim, amphibious, 8 rings, constrict 8, tentacle
spike 3, camouflage 1, gelatinous body 1
a: End Transformation


You were on level 2 of the Dungeon.
One of your tentacles had a temporary spike.
You visited 1 branch of the dungeon, and saw 2 of its levels.

You collected 80 gold pieces.

Inventory:

Scrolls
 a - 2 scrolls of random uselessness {unknown}
 b - 2 scrolls of remove curse {unknown}
 d - 3 scrolls of identify {unknown}
 e - a scroll of amnesia {unknown}
 h - a scroll of immolation {unknown}
 j - 2 scrolls of enchant armour {unknown}
Potions
 i - a potion of invisibility {unknown}
 k - a potion of resistance {unknown}


   Skills:
 + Level 2.5 Fighting
 - Level 2.0 Dodging
 + Level 3.8 Unarmed Combat
 - Level 2.0 Spellcasting
 + Level 3.0 Transmutations


You had 6 spell levels left.
You knew the following spells:

 Your Spells              Type           Power        Failure   Level
a - Beastly Appendage     Tmut           ##....       6%          1

Your spell library contained the following spells:

 Spells                   Type           Power        Failure   Level
 Wereblood                Tmut           ##......     10%         2
 Spider Form              Tmut/Pois      #.........   34%         3
 Ice Form                 Ice/Tmut       #.......     75%         4
 Blade Hands              Tmut           ##........   87%         5


Dungeon Overview and Level Annotations

Branches:
Dungeon (2/15)

Altars:


Innate Abilities, Weirdness & Mutations

You cannot wear most types of armour.
You are very stealthy in the water. (Stealth+)
You are amphibious.
You can wear up to eight rings at the same time.
You can use your tentacles to constrict eight enemies at once.
Your skin changes colour to match your surroundings (Stealth+).
Your rubbery body absorbs attacks. (AC +1, EV +1)
One of your tentacles bears a large vicious spike.


Message History

You constrict the gnoll, but do no damage.
You feel sick.
You tentacle-slap the gnoll.
The gnoll is severely wounded.
You constrict the gnoll. The gnoll hits you!
A gnoll comes into view. It is wielding a +0 club.
You tentacle-slap the gnoll.
You kill the gnoll!
Casting: Beastly Appendage (safe; 6% risk of failure)
Confirm with . or Enter, or press ? or * to list all spells.
One of your tentacles grows a vicious spike.
You feel sick. The gnoll hits you with a +0 club!
* * * LOW HITPOINT WARNING * * *
You barely miss the gnoll. You grab the gnoll.
You pierce the gnoll, but do no damage.
You tentacle-slap the gnoll. You squeeze the gnoll!
The gnoll is almost dead.
You constrict the gnoll, but do no damage.
The gnoll hits you with a +0 club!
You die...

### ..# # #.# ...
#.##.# #.# #.g@.#
####.### # ####.#
#......# #.#####.#
#.##.#.# #.......#
#.##.#.#
####....########.#....#
+..................†...
####.[..########.#....#
##....# #......# ##...#
####.###


You could see a gnoll.

Vanquished Creatures
  A worker ant (D:2)
  2 adders (D:2)
  A gnoll (D:2)
  An ooze (D:1)
  A dart slug (D:2)
  3 giant cockroaches
  3 goblins
  3 hobgoblins
  4 jackals (D:2)
  3 bats
  A frilled lizard (D:1)
  7 kobolds
  4 rats (D:1)
34 creatures vanquished.

Notes
Turn   | Place    | Note
-------+----------+-------------------------------------------
     0 | D:1      | DogServant the Octopode Transmuter began the quest for the
                  | Orb.
     0 | D:1      | Reached XP level 1. HP: 13/13 MP: 3/3
   321 | D:1      | Reached XP level 2. HP: 18/18 MP: 5/5
  1055 | D:2      | Reached XP level 3. HP: 17/24 MP: 6/6
  1391 | D:2      | HP: 1/36 [poisoned by a worker ant]
  1583 | D:2      | Reached XP level 4. HP: 20/30 MP: 5/7
  1966 | D:2      | Slain by a gnoll

Illustrated notes

Levels and vault maps discovered:
D:1:      matt_arrival_debris, layout_loops_ring, hangedman_decor_opposing
D:2:      layout_loops_corners

Skill      XL: |  1  2  3  4 |
---------------+-------------+-----
Fighting       | 2 |  2.5
Transmutations | 3 |  3.0
Dodging        | |  2.0
Unarmed Combat | |  3.8
Spellcasting   | |  2.0

Action                   |  1- 3 |  4- 6 || total
-------------------------+-------+-------++-------
Melee: Unarmed           |    54 |    15 ||    69
       Tentacles         |     9 |     4 ||    13
       Constrict         |    11 |     7 ||    18
       Kick              |     5 |     1 ||     6
       Punch             |     1 |     1 ||     2
 Cast: Beastly Appendage |     5 |     1 ||     6
  Use: Potion            |     3 |       ||     3
 Stab: Sleeping          |     5 |     2 ||     7
Armor: Skin              |     8 |     1 ||     9
Dodge: Dodged            |    37 |     7 ||    44

Table legend: (Time is in decaauts)
 A = Elapsed time spent in this place.
 B = Non-inter-level travel time spent in this place.
 C = Inter-level travel time spent in this place.
 D = Time resting spent in this place.
 E = Time spent auto-exploring this place.
 F = Levels seen in this place.
 G = Mean time per level.
                   A        B        C        D        E       F      G
               +--------+--------+--------+--------+--------+-----+--------+
         Total |   1961 |   1927 |     34 |    351 |   1323 |   2 |  980.5 |
       Dungeon |   1961 |   1927 |     34 |    351 |   1323 |   2 |  980.5 |
               +--------+--------+--------+--------+--------+-----+--------+

Top non-repeatable levels by time:
     D:2: 1021 daAuts
     D:1: 940 daAuts
